 Dungeon Crawl Stone Soup version 0.22.1-2-g9c5b331 (webtiles) character file.

61 Yndrin the Skirmisher (level 3, 27/34 HPs)
             Began as a Minotaur Berserker on Nov 15, 2018.
             Was a Believer of Trog.
             Quit the game on level 2 of the Dungeon on Nov 16, 2018.
             The game lasted 00:15:44 (1904 turns).

Yndrin the Skirmisher (Minotaur Berserker)          Turns: 1904, Time: 00:15:45

Health: 27/34      AC:  4    Str: 22    XL:     3   Next: 83%
Magic:  2/2        EV: 12    Int:  4    God:    Trog [**....]
Gold:   97         SH:  0    Dex:  9    Spells: 2/2 levels left

rFire    . . .     SeeInvis .   o - +0 glaive
rCold    . . .     Gourm    .   (shield currently unavailable)
rNeg     . . .     Faith    .   b - +0 animal skin
rPois    .         Spirit   .   (helmet restricted)
rElec    .         Reflect  .   (no cloak)
rCorr    .         Harm     .   q - +1 pair of gloves
MR       .....                  (no boots)
Stlth    +.........             (no amulet)
HPRegen  0.11/turn              (no ring)
MPRegen  0.08/turn              (no ring)

@: no status effects
A: retaliatory headbutt, horns 2
a: Berserk, Trog's Hand, Renounce Religion


You were on level 2 of the Dungeon.
You worshipped Trog.
Trog was pleased with you.
You were very hungry.

You visited 1 branch of the dungeon, and saw 2 of its levels.

You collected 97 gold pieces.

Inventory:

Hand Weapons
 a - a +0 falchion
 d - a +0 hunting sling
 g - a +0 club
 k - a +0 short sword
 l - a +0 spear
 m - a +0 mace
 o - a +0 glaive (weapon)
Missiles
 h - 24 arrows
Armour
 b - a +0 animal skin (worn)
 q - a +1 pair of gloves (worn)
 r - a +0 chain mail
Jewellery
 e - a cursed -4 ring of protection
Scrolls
 f - a scroll of remove curse {unknown}
 n - a scroll of teleportation {unknown}
Potions
 j - a potion of degeneration {unknown}
 p - a potion of heal wounds {unknown}
Comestibles
 c - 2 rations


   Skills:
 + Level 4.4 Fighting
 + Level 4.4 Long Blades
 + Level 0.1 Maces & Flails
 + Level 0.4 Polearms
 + Level 0.2 Throwing
 + Level 2.7 Armour
 + Level 2.5 Dodging
 + Level 0.9 Stealth


You had 2 spell levels left.
You didn't know any spells.
Your spell library was empty.

Dungeon Overview and Level Annotations

Branches:
Dungeon (2/15)

Altars:
Ashenzari
Ru


Innate Abilities, Weirdness & Mutations

You reflexively headbutt those who attack you in melee.
You have a pair of horns on your head.


Message History

Aim: a gnoll (hasn't noticed you)
Okay, then.
Firing (i - inventory) No suitable missiles.
Press: ? - help, Shift-Dir - straight line, f/p - gnoll
Aim: a gnoll (hasn't noticed you)
Okay, then.
Firing (i - inventory) No suitable missiles.
Press: ? - help, Shift-Dir - straight line, f/p - gnoll
Aim: a gnoll (hasn't noticed you)
Okay, then.
Firing (i - inventory) No suitable missiles.
Press: ? - help, Shift-Dir - straight line, p - gnoll You can't see that place. [the floor.]
Okay, then.
Welcome back, Yndrin the Minotaur Berserker.
Trog says: Kill them all!
Press ? for a list of commands and other information.
A worm comes into view.
Are you sure you want to abandon this character and quit the game? (Confirm

### #.. #.# #.# # #.#
.#. #.# .... #.# .....
#######.#########......
#.....@....%..w.(......
#.####.####..####......
#.##.....##..# .....
##.#.......#.## ...#
#..#.....(.#.# ...
#......_.....# .g
#..#.......#.# .
#..#.......#.#
#..##.....##.###


There were no monsters in sight!

Vanquished Creatures
  A gnoll (D:2)
  An adder (D:2)
  2 dart slugs
  A worm (D:2)
  A leopard gecko (D:1)
  A ball python (D:1)
  A giant cockroach (D:2)
  6 goblins
  5 hobgoblins
  5 kobolds
  A quokka (D:2)
  3 bats
  3 frilled lizards
  5 rats (D:1)
36 creatures vanquished.

Notes
Turn   | Place    | Note
-------+----------+-------------------------------------------
     0 | D:1      | Yndrin the Minotaur Berserker began the quest for the Orb.
     0 | D:1      | Reached XP level 1. HP: 19/19 MP: 0/0
   283 | D:1      | Reached XP level 2. HP: 24/27 MP: 1/1
   688 | D:1      | Reached ** piety under Trog
  1386 | D:2      | Reached XP level 3. HP: 30/33 MP: 2/2
  1420 | D:2      | Found a shattered altar of Ashenzari.
  1714 | D:2      | Found a sacrificial altar of Ru.
  1904 | D:2      | Quit the game

Skill      XL: |  1  2 |
---------------+-------+-----
Fighting       | 4 |  4.4
Long Blades    | 4 |  4.4
Maces & Flails | |  0.1
Polearms       | |  0.4
Throwing       | |  0.2
Armour         | |  2.7
Dodging        | |  2.5
Stealth        | |  0.9

Action                   || total
-------------------------++-------
Melee: Falchion          ||    38
       Headbutt          ||     8
       Mace              ||    16
       Spear             ||     2
       Glaive            ||    18
Throw: Tomahawk          ||    11
Invok: Berserk           ||     1
  Use: Scroll            ||     2
  Eat: Chunk             ||     3
Armor: Animal skin       ||    17
Dodge: Dodged            ||    65
       Rpst.: Falchion   ||     6
